Map: Dusk Towers

Players

KoreanGodEU - Winner!

  • Race: Zerg Zerg
  • League: Master

Miszu

  • Race: Terran Terran
  • League: Master

VOD

Have the link to the VOD?

Description

Time

  • Played on: March 6, 2016, 4:30 p.m.
  • Length: 9:42
Show
View Real Time Build Order
Export as new Build Order

KoreanGodEU Zerg - Winner!

Build Orders: Hatch First, Muta Ling Bane 

Get SALT Encoding   

  12  0:01  Drone  
  13  0:13  Overlord  
  13  0:18  Drone  
  14  0:32  Drone x2  
  16  0:36  Drone  
  17  0:53  Hatchery  
  17  0:56  Drone  
  17  0:59  Drone  
  18  1:04  Extractor  
  17  1:14  Spawning Pool  
  17  1:17  Drone  
  17  1:20  Drone  
  18  1:29  Drone  
  19  1:41  Overlord  
  19  2:02  Queen  
  19  2:03  Zergling x4  
  19  2:04  Metabolic Boost  
  19  2:05  Queen  
  25  2:08  Drone  
  25  2:13  Drone  
  27  2:16  Drone  
  28  2:23  Drone  
  28  2:26  Drone  
  30  2:38  Queen, Drone x2  
  30  2:42  Spore Crawler  
  33  2:48  Pneumatized Carapace  
  33  2:49  Drone x2  
  36  2:55  Overlord  
  36  2:58  Overlord  
  36  3:15  Drone x5  
  36  3:17  Drone x3  
  44  3:28  Overlord, Drone  
  45  3:36  Hatchery  
  45  3:40  Drone x2  
  46  3:46  Drone x2  
  46  3:47  Drone x2  
  50  3:50  Extractor  
  49  3:55  Roach Warren  
  49  3:59  Extractor  
  49  4:00  Drone x4  
  51  4:03  Extractor  
  51  4:04  Overlord  
  50  4:11  Drone x2  
  50  4:13  Lair  
  50  4:15  Drone  
  53  4:20  Overlord, Drone  
  55  4:24  Drone x2  
  55  4:29  Spore Crawler  
  55  4:31  Drone x2  
  55  4:32  Drone  
  55  4:36  Drone  
  59  4:39  Drone x2  
  59  4:44  Evolution Chamber  
  60  4:47  Evolution Chamber  
  60  4:48  Overlord  
  59  5:00  Roach x2  
  59  5:01  Roach, Drone  
  59  5:02  Drone x5  
  71  5:10  Zerg Ground Armor Level 1  
  71  5:11  Baneling Nest  
  71  5:13  Drone x3  
  73  5:18  Zerg Melee Weapons Level 1  
  73  5:23  Ravager x2  
  73  5:24  Spire, Ravager  
  73  5:26  Drone  
  73  5:27  Drone  
  77  5:32  Drone x5  
  81  5:40  Overlord  
  81  5:41  Drone x4  
  84  5:43  Extractor x2  
  84  5:46  Overseer  
  84  5:47  Overlord  
  84  5:49  Overlord  
  82  5:51  Overseer  
  82  5:58  Hatchery  
  79  6:13  Overlord  
  79  6:24  Drone x5  
  79  6:25  Spore Crawler  
  83  6:28  Overlord x2, Centrifical Hooks  
  83  6:29  Overlord  
  83  6:36  Queen  
  85  6:43  Mutalisk x5  
  85  6:44  Mutalisk  
  97  6:48  Hatchery  
  96  6:54  Mutalisk x2  
  96  6:57  Overlord  
  100  7:03  Zergling x10  
  105  7:11  Mutalisk x3  
  105  7:13  Zergling x8  
  105  7:14  Zergling x4  
  117  7:18  Drone x2  
  119  7:33  Zergling x14  
  126  7:39  Mutalisk x2  
  130  7:46  Infestation Pit  
  130  7:47  Overlord x2  
  129  7:54  Extractor  
  129  7:58  Extractor  
  127  8:00  Overlord x2  
  127  8:02  Overlord  
  127  8:06  Baneling  
  127  8:07  Baneling x9  
  127  8:09  Drone x8  
  135  8:18  Drone  
  135  8:19  Overlord, Drone x2  
  138  8:22  Zergling x2  
  138  8:23  Zergling x10  
  144  8:29  Zergling x4  
  144  8:30  Baneling x8  
  144  8:31  Baneling x3  
  144  8:33  Zergling x6  
  149  8:43  Zergling x24  
  154  8:54  Zergling x2  
  154  8:55  Zergling x10  
  147  8:59  Baneling x3  
  147  9:00  Baneling x13  
  147  9:06  Zergling x14  
  147  9:09  Drone x3  
  157  9:14  Zergling x4  
  157  9:15  Zergling x4  
  153  9:17  Mutalisk x2  
Show
View Real Time Build Order
Export as new Build Order

Miszu Terran 

Build Orders: Liberator Opening, Reaper Expand, MMM Bio 

Get SALT Encoding   

  12  0:00  SCV  
  13  0:12  SCV  
  14  0:17  Supply Depot  
  14  0:25  SCV  
  15  0:39  SCV  
  15  0:40  Barracks  
  16  0:46  Refinery  
  16  0:51  SCV  
  17  1:03  SCV  
  18  1:15  SCV  
  19  1:28  Orbital Command  
  19  1:29  Reaper  
  20  1:42  Command Center  
  21  1:54  Supply Depot, SCV  
  21  2:05  Barracks Reactor  
  21  2:06  SCV  
  22  2:08  Refinery  
  22  2:18  SCV  
  23  2:24  Factory  
  23  2:30  SCV  
  24  2:42  SCV  
  25  2:44  Marine x2  
  27  2:54  SCV, Orbital Command  
  28  3:02  Marine x2  
  30  3:06  SCV  
  31  3:17  Starport, Factory Tech Lab  
  31  3:19  SCV  
  31  3:20  SCV  
  31  3:22  Marine  
  31  3:23  Marine  
  34  3:31  SCV  
  34  3:32  SCV  
  36  3:34  Command Center  
  36  3:38  Liberator  
  36  3:43  Siege Tank, SCV  
  36  3:44  SCV  
  41  3:55  SCV  
  45  3:56  SCV  
  45  4:02  Supply Depot  
  46  4:06  Supply Depot  
  46  4:20  Liberator  
  46  4:23  Marine x2, Barracks, SCV x2  
  50  4:24  Barracks  
  50  4:28  Supply Depot  
  50  4:30  Siege Tank  
  53  4:35  SCV x2  
  58  4:39  Refinery  
  58  4:40  Refinery  
  58  4:45  Orbital Command  
  58  4:48  SCV  
  60  4:52  SCV  
  60  4:59  Supply Depot  
  60  5:00  SCV  
  60  5:01  Marine x2  
  60  5:05  SCV  
  64  5:12  SCV  
  65  5:17  Barracks Tech Lab x2, SCV  
  65  5:20  Marine x2  
  68  5:21  Starport Reactor  
  68  5:22  Orbital Command  
  68  5:24  SCV  
  69  5:29  SCV  
  69  5:32  Supply Depot  
  70  5:38  Marine  
  70  5:39  Barracks x2, Combat Shields  
  70  5:40  Stimpack  
  70  5:41  Engineering Bay, Siege Tank  
  70  5:42  Engineering Bay, SCV  
  72  5:45  SCV  
  72  5:47  SCV  
  74  5:50  Marine  
  74  5:54  SCV  
  76  5:57  SCV  
  76  6:00  SCV  
  76  6:01  Marine  
  76  6:02  Marine  
  76  6:03  Marine  
  81  6:06  Medivac, SCV  
  81  6:07  Medivac  
  81  6:08  Marine  
  81  6:09  SCV  
  88  6:15  Siege Tank  
  91  6:19  Marine x2  
  91  6:20  Marine  
  91  6:24  SCV x2  
  91  6:25  Marine, SCV  
  94  6:30  Barracks Reactor x2  
  95  6:36  SCV x2  
  95  6:37  Marine, SCV  
  95  6:38  Terran Infantry Weapons Level 1, Terran Infantry Armor Level 1  
  101  6:50  SCV x2  
  101  6:53  Supply Depot  
  101  6:54  Supply Depot  
  101  6:55  Supply Depot  
  101  7:09  Refinery  
  101  7:10  Refinery  
  101  7:15  Marine x3, Medivac, Marauder, SCV  
  109  7:16  Marine x3, Medivac, SCV x2  
  109  7:18  Siege Tank, Marauder  
  117  7:32  Marine x2  
  117  7:34  Marine  
  117  7:35  Marine x2  
  117  7:36  Marine  
  117  7:37  Marauder, Missile Turret  
  121  7:39  Supply Depot, Marauder  
  121  7:40  Supply Depot  
  121  7:41  Missile Turret  
  121  7:42  Supply Depot, Missile Turret  
  121  7:45  Medivac  
  121  7:48  Medivac  
  125  8:00  Armory  
  125  8:01  Marine x2, Marauder x2  
  125  8:02  Reaper  
  125  8:03  Reaper  
  133  8:09  Supply Depot  
  133  8:11  Supply Depot  
  133  8:12  Supply Depot  
  133  8:13  Marine x2, Siege Tank  
  133  8:18  Marine  
  138  8:20  Marine  
  138  8:22  Marine  
  138  8:23  Marauder  
  142  8:31  Marine x2  
  142  8:33  Command Center  
  144  8:34  Marine x2  
  144  8:39  Supply Depot  
  144  8:40  Supply Depot  
  144  8:41  Barracks x2  
  146  8:42  Barracks  
  146  8:45  Marauder  
  136  8:51  Marine  
  136  8:52  Marine x4, Marauder  
  122  8:56  Medivac  
  121  9:06  Marine, Medivac, Siege Tank  
  121  9:09  Marine x2  
  125  9:15  Marine x2  
  125  9:16  Marine  
  129  9:28  SCV  
  129  9:29  SCV x2  
  133  9:37  Missile Turret  
Tags
 
Add a new tag
Caveats
  • Supply blocks, unpowered buildings, or Contaminate may cause inaccurate times.
  • Supply counts are checked every 10 seconds.